 Dungeon Crawl Stone Soup version 0.30.1-11-g7821555f0a (webtiles) character file.

Game seed: 18212638233854800289

10218 monsoonserge the Marksspriggan (level 11, -1/58 HPs)
             Began as a Spriggan Hunter on Nov 4, 2023.
             Was a Priest of Okawaru.
             Slain by Sonja
             ... wielding a +2 dagger of venom
              (2 damage)
             ... on level 10 of the Dungeon.
             The game lasted 00:32:34 (11339 turns).

monsoonserge the Marksspriggan (Spriggan Hunter)   Turns: 11339, Time: 00:32:35

Health: -1/58      AC:  5    Str:  7    XL:     11   Next: 33%
Magic:  22/22      EV: 21    Int: 10    God:    Okawaru [***...]
Gold:   557        SH:  0    Dex: 24    Spells: 10/10 levels left

rFire   . . .        a - +0 shortbow
rCold   . . .        (shield currently unavailable)
rNeg    . . .        E - +2 robe {Will+}
rPois   .            (helmet restricted)
rElec   .            l - +0 cloak
rCorr   +            (gloves unavailable)
SInv    +            (boots unavailable)
Will    ++...        (no amulet)
Stlth   +++          o - ring of magical power
HPRegen 0.29/turn    c - ring of resist corrosion
MPRegen 0.18/turn

%: no passive effects
@: lethally poisoned (-1 -> -8), slowed, quick
A: very small, no large weapons, unfitting armour, see invisible, speed 3
a: Renounce Religion, Heroism


You were on level 10 of the Dungeon.
You worshipped Okawaru.
Okawaru was most pleased with you.
You visited 2 branches of the dungeon, and saw 11 of its levels.
You also visited: Sewer.

You collected 557 gold pieces.

Inventory:

Hand Weapons
 a - a +0 shortbow (weapon)
 e - a +0 sling
 f - a +0 sling
Missiles
 g - 4 boomerangs of dispersal
 s - a curare-tipped dart
 w - 40 poisoned darts
Armour
 l - a +0 cloak (worn)
 z - the +0 robe of Baqytaitela {rElec rCorr Int+3}
   (You found it on level 3 of the Dungeon)

   Int:       It affects your intelligence (+3).
   rElec:     It insulates you from electricity.
   rCorr:     It protects you from acid and corrosion.
 E - a +2 robe of willpower (worn)
Jewellery
 c - a ring of resist corrosion (right hand)
 o - a ring of magical power (left hand)
Wands
 d - a wand of flame (9)
Scrolls
 b - 3 scrolls of immolation
 h - 4 scrolls of poison {unknown}
 i - 5 scrolls of teleportation {unknown}
 m - a scroll of vulnerability
 n - 2 scrolls of magic mapping
 p - a scroll of blinking
 r - a scroll of enchant armour {unknown}
 y - 4 scrolls of fear
 C - a scroll of enchant weapon {unknown}
 G - a scroll of brand weapon
Potions
 j - 2 potions of resistance
 k - 3 potions of might
 q - a potion of heal wounds {unknown}
 t - 3 potions of haste
 u - 2 potions of magic
 v - 3 potions of brilliance
 x - 2 potions of ambrosia
 A - a potion of flight {unknown}
 B - a potion of mutation {unknown}
 D - 2 potions of lignification {unknown}
 F - a potion of attraction {unknown}


   Skills:
 + Level 7.2 Fighting
 + Level 15.3 Ranged Weapons
 + Level 5.4 Dodging
 + Level 4.6 Stealth
 + Level 1.8 Invocations


You had 10 spell levels left.
You didn't know any spells.
Your spell library contained the following spells:

 Spells                   Type           Power      Damage    Failure   Level
 Apportation              Tloc           0%         N/A       36%         1
 Beastly Appendage        Tmut           0%         N/A       36%         1
 Necrotise                Necr           0%         1d4       36%         1
 Poisonous Vapours        Pois/Air       0%         N/A       50%         2
 Wereblood                Tmut           0%         N/A       50%         2
 Ignite Poison            Fire/Tmut/Pois 0%         N/A       75%         3
 Mephitic Cloud           Conj/Pois/Air  0%         N/A       75%         3
 Portal Projectile        Hex/Tloc       0%         N/A       75%         3
 Spider Form              Tmut/Pois      0%         N/A       75%         3
 Leda's Liquefaction      Hex/Erth       0%         N/A       98%         4
 Petrify                  Tmut/Erth      0%         N/A       98%         4
 Sticky Flame             Conj/Fire      0%         2d3       98%         4
 Freezing Cloud           Conj/Ice/Air   0%         6-21      100%        5
 Metabolic Englaciation   Hex/Ice        0%         N/A       100%        5
 Statue Form              Tmut/Erth      0%         N/A       100%        6
 Ignition                 Fire           0%         3d3       100%        8
 Summon Small Mammal      Summ           Unusable   N/A       N/A         1
 Call Canine Familiar     Summ           Unusable   N/A       N/A         3

Dungeon Overview and Level Annotations

Branches:
Dungeon (10/15)            Temple (1/1) D:4            Lair (0/5) D:9
  Sewer (visited)
    Orc: D:9-12

Altars:
Ashenzari
Cheibriados
Dithmenos
Elyvilon
Fedhas
Gozag
Hepliaklqana
Kikubaaqudgha
Makhleb
Nemelex Xobeh
Okawaru
Qazlal
Ru
Sif Muna
Trog
Uskayaw
Vehumet
Wu Jian
Xom
Yredelemnul
Zin
The Shining One

Shops:
D:7 *   D:8 (

Annotations:
D:4 3 runed translucent doors, fag's ghost, amateur DECj
D:10 Psyclone's ghost, journeyman DECj; Sonja


Innate Abilities, Weirdness & Mutations

You are very small and have problems with some larger weapons.
You are too small for most types of armour.
You have supernaturally acute eyesight. (SInv)
You cover ground extremely quickly. (Speed+++)


Message History

Sonja drinks a potion.
Sonja seems to speed up.
Sonja throws a curare-tipped dart.
The curare-tipped dart hits you.
You are poisoned.
You have difficulty breathing.
You feel yourself slow down.
You feel very sick.
You shoot an arrow. The killer bee buzzes angrily.
The arrow hits the orc priest.
The orc priest is moderately wounded.
You feel very sick.
You hear an angry buzzing noise.
Sonja throws a curare-tipped dart.
The curare-tipped dart hits you.
You are more poisoned.
You have difficulty breathing.
You feel as though you will be slow longer.
The orc priest calls upon Beogh to heal the orc.
The orc is healed somewhat.
* * * LOW HITPOINT WARNING * * *
You feel very sick.
Sonja throws a curare-tipped dart.
The curare-tipped dart barely misses you.
Sonja throws a curare-tipped dart.
The curare-tipped dart barely misses you.
* * * LOW HITPOINT WARNING * * *
You feel very sick.
The orc priest looks satisfied for a moment.
* * * LOW HITPOINT WARNING * * *
You feel very sick.
* * * LOW HITPOINT WARNING * * *
You feel very sick.
There is a stone staircase leading up here.
You are lethally poisoned (4 -> -6).
You are slowed.
Your movement speed is quick.
Your attack delay is about 1.1.
Your damage rating with your +0 shortbow is about 17 (Base 9 x 135% (Dex) x 145% (Skill)).
Okay, then.
* * * LOW HITPOINT WARNING * * *
You feel very sick. Sonja completely misses you. x2
Sonja hits you with a +2 dagger of venom.
You die...

...###................###
#......
....#...............###
##..... ....................#
#...... ....................#
#.#####
.....$..............#######.#
.
......_..............#......#
.
...........o...........######
..........o....K.......#
..........oo....@......#
.......................#
.....©.................#
############...........#
y.W.! ###.....<..>## .#...
..###.........#
.#..##.......... ..#
#..........


You could see Sonja (fast), an orc warrior, an orc priest and 2 orcs.

Vanquished Creatures
  Erolcha (D:9)
  A two-headed ogre (D:8)
  Amaemon (D:8)
  An orange demon (D:9)
  13 yaks (D:9)
  2 wyverns (D:9)
  3 basilisks
  3 steam dragons (D:8)
  2 water moccasins
  3 ice beasts
  2 orc warriors
  3 sky beasts
  3 ogres
  2 centaurs
  A phantom (D:5)
  6 kobold brigands
  3 bullfrogs
  6 scorpions
  14 wights
  17 killer bees
  2 howler monkeys (D:6)
  A hound (D:5)
  7 orc priests
  A gnoll bouda (D:4)
  9 jellies
  A sleepcap (D:4)
  Crazy Yiuf (D:7)
  5 iguanas
  4 orc wizards
  10 gnolls
  11 adders
  A shadow imp (D:8)
  A white imp (D:3)
  4 ufetubi
  4 dart slugs
  22 orcs
  3 endoplasms
  2 giant cockroaches
  6 goblins
  5 hobgoblins
  7 jackals (D:2)
  26 kobolds
  3 quokkas
  10 ball pythons
  11 bats
  7 frilled lizards
  11 rats
262 creatures vanquished.

Vanquished Creatures (others)
  A troll (D:8)
  A bullfrog (D:8)
2 creatures vanquished.

Grand Total: 264 creatures vanquished

Notes
Turn   | Place    | Note
-------+----------+-------------------------------------------
     0 | D:1      | monsoonserge the Spriggan Hunter began the quest for the
                  | Orb.
     0 | D:1      | Reached XP level 1. HP: 10/10 MP: 2/2
   265 | D:1      | Reached XP level 2. HP: 15/15 MP: 3/3
   566 | D:2      | Reached XP level 3. HP: 18/18 MP: 4/4
   613 | D:2      | Reached skill level 5 in Ranged Weapons
   934 | D:2      | Reached XP level 4. HP: 23/23 MP: 5/5
  1331 | D:3      | Found a glowing drain.
  1336 | Sewer    | Entered a sewer
  1363 | Sewer    | Noticed a kobold brigand
  1376 | Sewer    | Killed a kobold brigand
  1377 | Sewer    | Reached skill level 6 in Ranged Weapons
  1465 | Sewer    | Reached XP level 5. HP: 26/26 MP: 6/6
  1749 | Sewer    | Reached XP level 6. HP: 18/30 MP: 7/7
  1883 | Sewer    | Reached skill level 7 in Ranged Weapons
  2204 | D:3      | Found a blossoming altar of Fedhas.
  2692 | D:3      | Identified the +0 robe of Baqytaitela {rElec rCorr Int+3}
  3196 | D:4      | Found a stormy altar of Qazlal.
  3241 | D:4      | Found a shimmering blue altar of Sif Muna.
  3241 | D:4      | Found an ancient bone altar of Kikubaaqudgha.
  3241 | D:4      | Found a basalt altar of Yredelemnul.
  3260 | D:4      | Found a sparkling altar of Nemelex Xobeh.
  3278 | D:4      | Found a runed translucent gate.
  3279 | D:4      | Found a runed translucent gate.
  3280 | D:4      | Found a runed translucent gate.
  3283 | D:4      | Noticed fag's ghost (amateur DECj)
  3356 | D:4      | Found a bloodstained altar of Trog.
  3381 | D:4      | Found a staircase to the Ecumenical Temple.
  3392 | Temple   | Entered the Ecumenical Temple
  3439 | D:4      | Reached skill level 8 in Ranged Weapons
  3439 | D:4      | Reached XP level 7. HP: 35/35 MP: 8/8
  3474 | D:5      | Entered Level 5 of the Dungeon
  4301 | D:5      | Found an ornate altar of the Wu Jian Council.
  4600 | D:5      | Reached skill level 9 in Ranged Weapons
  4641 | D:5      | Reached XP level 8. HP: 40/40 MP: 9/9
  5102 | D:6      | Found a white marble altar of Elyvilon.
  5336 | D:5      | Reached skill level 10 in Ranged Weapons
  5972 | D:6      | Reached skill level 11 in Ranged Weapons
  6103 | D:6      | Reached XP level 9. HP: 45/45 MP: 10/10
  6508 | D:7      | Found Maecva Alymm's Gadget Gallery.
  6608 | D:7      | Reached skill level 5 in Fighting
  6780 | D:7      | Found a runed translucent door.
  6781 | D:7      | Noticed Crazy Yiuf
  6926 | D:7      | Reached skill level 12 in Ranged Weapons
  6937 | D:7      | Found a shimmering altar of Xom.
  7078 | D:7      | Killed Crazy Yiuf
  7379 | D:7      | HP: 1/47 [killer bee (6)]
  7633 | D:8      | Found a hazy altar of Hepliaklqana.
  7665 | D:8      | Found a shimmering altar of Xom.
  7665 | D:8      | Noticed a troll
  7781 | D:8      | Killed a troll
  8072 | D:8      | Noticed a two-headed ogre
  8134 | D:8      | Killed a two-headed ogre
  8135 | D:8      | Reached skill level 13 in Ranged Weapons
  8135 | D:8      | Reached XP level 10. HP: 51/51 MP: 11/11
  8348 | D:8      | Found a shimmering altar of Xom.
  8373 | D:8      | Found Heimolor's Weapon Shoppe.
  8578 | D:8      | Found an iron altar of Okawaru.
  8586 | D:8      | Became a worshipper of Warmaster Okawaru
  9123 | D:8      | Reached skill level 1 in Invocations
  9293 | D:9      | Reached * piety under Okawaru
  9438 | D:9      | Noticed Amaemon
  9438 | D:9      | Noticed an orange demon
  9456 | D:9      | Killed an orange demon
  9594 | D:9      | Noticed Erolcha
  9640 | D:8      | Reached skill level 14 in Ranged Weapons
  9868 | D:8      | Killed Amaemon
  9869 | D:8      | Reached skill level 5 in Dodging
 10327 | D:9      | Found a staircase to the Lair.
 10369 | D:9      | Reached ** piety under Okawaru
 10410 | D:9      | Reached XP level 11. HP: 58/58 MP: 13/13
 10578 | D:9      | Killed Erolcha
 10579 | D:9      | Reached skill level 15 in Ranged Weapons
 10707 | D:9      | Found a hide-covered altar of Uskayaw.
 10789 | D:10     | Entered Level 10 of the Dungeon
 10791 | D:10     | Noticed Sonja
 11052 | D:9      | Reached *** piety under Okawaru
 11306 | D:10     | Found an opulent altar of Gozag.
 11334 | D:10     | Noticed Psyclone's ghost (journeyman DECj)
 11339 | D:10     | HP: 1/58 [poisoned by Sonja (curare-tipped dart)]
 11339 | D:10     | Slain by Sonja

Illustrated notes

Levels and vault maps discovered:
D:1:      minmay_arrival_diagonal_passages, layout_basic
D:2:      layout_basic
D:3:      layout_basic, fedhas_altar_2, portal_sewer_entry_e,
          minmay_misc_feat_tower, hangedman_decor_opposing
D:4:      layout_rooms, lemuel_crystal_altar, nicolae_overflow_quartered_altars,
          kennysheep_little_box, minmay_temple_entry_ruins,
          gammafunk_ghost_necromancy
D:5:      layout_rooms, old_standard_altar, kennysheep_small_spiral,
          dreamdust_mushroom_princess, corexii_corridor_pit, grunt_ministairs_1
D:6:      layout_basic, mainiacjoe_overflow_concentric_impassable
D:7:      layout_cave_pools, dk_xom_monty_hall, nicolae_shop_gadgets,
          uniq_crazy_yiuf_cottage
D:8:      layout_cave_pods, worldfamousw_hep_ancestral_shrine,
          okawaru_gym_becter, serial_shops, nicolae_shop_bloodbath_and_beyond,
          hangedman_feature_mirror
D:9:      layout_basic, nicolae_uskayaw_suspiria, minmay_lair_entry_grove,
          minmay_misc_feat_plants, uniq_amaemon, uniq_erolcha
D:10:     layout_rooms, nicolae_gozag_seed_capital, gammafunk_ghost_hive,
          special_room [special_room_orc], minmay_misc_feat_iff, uniq_sonja
Temple:   hellmonk_temple_micro_hex

Skill      XL: |  1  2  3  4  5  6  7  8  9 10 11 |
---------------+----------------------------------+-----
Ranged Weapons | 5 6 8 9 11 13 14 15 | 15.3
Fighting       | 2 3 4 5 6 7 |  7.2
Dodging        | 3 4 5 |  5.4
Stealth        | 2 3 4 |  4.6
Invocations    | 1 |  1.8

Action                     |  1- 3 |  4- 6 |  7- 9 | 10-12 || total
---------------------------+-------+-------+-------+-------++-------
   Fire: Shortbow          |   109 |   201 |   510 |   456 ||  1276
 Invoke: Heroism           |       |       |       |     2 ||     2
    Use: Scroll            |       |       |     9 |     3 ||    12
         Potion            |       |       |     3 |       ||     3
 Armour: Robe              |     4 |     7 |    15 |    10 ||    36
  Dodge: Dodged            |    49 |    57 |   147 |   118 ||   371
